Workbook

Sheet Budget and Traffic
C1: Campaign 1: QUEST for Healthy Schools | R1: Campaign 2: QUEST for Productive Workplaces
C4: Add your Traffic Estimator Screenshots Here!
C22: Campaign 1
R43: Please note - Google AdWords restricts date ranges. This is intended to cover the period 01.07.2016 to 29.09.2016.

Sheet Keywords
B2: Campaign | C2: Ad Group | D2: Keyword | E2: Match Type
B3: QUEST for Healthy Schools | C3: Education | D3: education programs | E3: Broad
B4: QUEST for Healthy Schools | C4: Education | D4: health education | E4: Broad
B5: QUEST for Healthy Schools | C5: Education | D5: +primary+education | E5: Broad Match Modified
B6: QUEST for Healthy Schools | C6: Education | D6: +secondary+education | E6: Broad Match Modified
B7: QUEST for Healthy Schools | C7: Education | D7: +health+programs | E7: Broad Match Modified
B8: QUEST for Healthy Schools | C8: Education | D8: "healthy schools" | E8: Phrase
B9: QUEST for Healthy Schools | C9: Education | D9: "department of education" | E9: Phrase
B10: QUEST for Healthy Schools | C10: Education | D10: [school] | E10: Exact
B11: QUEST for Healthy Schools | C11: Education | D11: [teaching] | E11: Exact
B12: QUEST for Healthy Schools | C12: Education | D12: [curriculum] | E12: Exact
B13: QUEST for Healthy Schools | C13: Cancer Prevention | D13: cancer australia | E13: Broad
... B103: QUEST for Productive Workplaces | C103: Smoking | D103: [quitline] | E103: Exact

Sheet Ads & Sitelinks
B3: Title | C3: 5-Steps to Prevent Cancer
B4: Display URL | C4: https://quest.org.au
B5: Ad Text | C5: Follow this step-by-step guide to reduce your risk of cancer!
B7: Sitelink Link Text | C7: What is QUEST? | D7: =LEN(C7) -> 14 | E7: Register your QUEST | F7: =LEN(E7) -> 19
B8: URL (won't be seen) | C8: https://quest.org.au/about/ | E8: https://quest.org.au/register/
B9: Line 1 | C9: Find out more about the | D9: =LEN(C9) -> 23 | E9: Ready to begin your | F9: =LEN(E9) -> 19
B10: Line 2 | C10: QUEST program here. | D10: =LEN(C10) -> 19 | E10: QUEST? Register here! | F10: =LEN(E10) -> 21
B12: Sitelink Link Text | C12: Frequently Asked QUESTion | D12: =LEN(C12) -> 25 | E12: Login to your QUEST | F12: =LEN(E12) -> 19
B13: URL (won't be seen) | C13: https://quest.org.au/support/ | E13: https://quest.org.au/login/
B14: Line 1 | C14: Get the answer to your | D14: =LEN(C14) -> 22 | E14: Already begun your QUEST? | F14: =LEN(E14) -> 25
B15: Line 2 | C15: QUESTions. Click here! | D15: =LEN(C15) -> 22 | E15: Login here! | F15: =LEN(E15) -> 11
B19: Campaign | C19: QUEST for Healthy Schools | E19: =C19 -> QUEST for Healthy Schools | G19: =E19 -> QUEST for Healthy Schools | I19: =G19 -> QUEST for Healthy Schools | K19: =I19 -> QUEST for Healthy Schools
B20: Ad Group | C20: Education | E20: Cancer Prevention | G20: Health and Wellbeing | I20: Volunteering | K20: Sun Safety
B21: Title | C21: Resources for Schools | D21: =LEN(C21) -> 21 | E21: =C7 -> What is QUEST? | F21: =LEN(E21) -> 14 | G21: Login to your QUEST | H21: =LEN(G21) -> 19 | I21: Register your School | J21: =LEN(I21) -> 20 | K21: Sun Safety in Schools | L21: =LEN(K21) -> 21
B22: Display URL | C22: https://quest.org.au/schools/ | D22: =LEN(C22) -> 29 | E22: =C8 -> https://quest.org.au/about/ | F22: =LEN(E22) -> 27 | G22: https://quest.org.au/login/ | H22: =LEN(G22) -> 27 | I22: https://quest.org.au/register/ | J22: =LEN(I22) -> 30 | K22: http://www.cancerqld.org/prevention | L22: =LEN(K22) -> 35
B23: Line 1 | C23: Download Classroom | D23: =LEN(C23) -> 19 | E23: =C9 -> Find out more about the | F23: =LEN(E23) -> 23 | G23: Monitor your School's | H23: =LEN(G23) -> 21 | I23: Register your School | J23: =LEN(I23) -> 20 | K23: Develop a SunSmart School | L23: =LEN(K23) -> 25
B24: Line 2 | C24: Information & Activities. | D24: =LEN(C24) -> 25 | E24: =C10 -> QUEST program here. | F24: =LEN(E24) -> 19 | G24: Progress. Login here. | H24: =LEN(G24) -> 21 | I24: to Start their QUEST. | J24: =LEN(I24) -> 21 | K24: Policy here. | L24: =LEN(K24) -> 12
B25: Destination URL (won't be seen) | C25: https://quest.org.au/quest/schools/ | E25: =E22 -> https://quest.org.au/about/ | G25: https://quest.org.au/login/ | I25: https://quest.org.au/register/ | K25: http://www.cancerqld.org.au/page/prevention/skin_cancer/
B28: Campaign | C28: QUEST for Productive Workplaces | E28: =C28 -> QUEST for Productive Workplaces | G28: =E28 -> QUEST for Productive Workplaces | I28: =G28 -> QUEST for Productive Workplaces | K28: =I28 -> QUEST for Productive Workplaces
B29: Ad Group | C29: Information | E29: Cancer Prevention | G29: Productivity and Performance | I29: Work | K29: Smoking
B30: Title | C30: Resources for Workplaces | D30: =LEN(C30) -> 24 | E30: =C7 -> What is QUEST? | F30: =LEN(E30) -> 14 | G30: Login to your QUEST | H30: =LEN(G30) -> 19 | I30: Register your Workplace | J30: =LEN(I30) -> 23 | K30: Quit Workplace Smoking | L30: 0
B31: Display URL | C31: https://quest.org.au/workplaces/ | D31: =LEN(C31) -> 32 | E31: =C8 -> https://quest.org.au/about/ | F31: =LEN(E31) -> 27 | G31: https://quest.org.au/login/ | H31: =LEN(G31) -> 27 | I31: https://quest.org.au/register/ | J31: =LEN(I31) -> 30 | K31: http://www.cancerqld.org/prevention | L31: =LEN(K31) -> 35
B32: Line 1 | C32: Download Guidelines to | D32: =LEN(C32) -> 22 | E32: =C9 -> Find out more about the | F32: =LEN(E32) -> 23 | G32: Monitor your Workplace's | H32: =LEN(G32) -> 25 | I32: Register your Workplace | J32: =LEN(I32) -> 23 | K32: Tips to Extinguish | L32: =LEN(K32) -> 19
B33: Line 2 | C33: Improve Employee Health. | D33: =LEN(C33) -> 24 | E33: =E24 -> QUEST program here. | F33: =+LEN(E33) -> 19 | G33: Progress. Login here. | H33: =LEN(G33) -> 21 | I33: to Start their QUEST. | J33: =LEN(I33) -> 21 | K33: Smoking at Work. | L33: =LEN(K33) -> 16
B34: Destination URL (won't be seen) | C34: https://quest.org.au/quest/workplaces/ | E34: =E25 -> https://quest.org.au/about/ | G34: https://quest.org.au/login/ | I34: https://quest.org.au/register/ | K34: http://www.cancerqld.org.au/page/prevention/smoking_and_tobacco/

Sheet Ad Data
B1: Campaign | C1: Ad Group | D1: Headline | E1: Description Line 1 | F1: Description Line 2 | G1: Display URL | H1: Destination URL
A2: Replace this Example | B2: Generic - QLD - Fixed Rate | C2: Fixed | D2: BOQ Fixed Rate Home Loan | E2: 3 Yr Fixed 4.79% (5.81% Comparison) | F2: Limited Time Only. Apply Now! | G2: www.boq.com.au/fixed-offer | H2: http://www.boq.com.au/fixed-interest-rates.htm

Sheet Text Ads (Dont Touch!)
C3: This tab is used for calculation.
C4: Use it to check character limits only!
B7: Campaign | C7: Ad Group | D7: Headline | F7: Description Line 1 | H7: Description Line 2 | J7: Display URL | L7: Destination URL | M7: Text Ad Status | N7: Comments
B8: (Required) Name Your Campaign | C8: (Required) List the Category Name for Each Text Ad. | D8: (Required) What is Your 1st Line of Ad Text? Maximum Length of 1st Line: 25 characters | F8: (Required) What is Your 2nd Line of Ad Text? Maximum Length of 2nd Line: 35 characters | H8: (Required) What is Your 3rd Line of Ad Text? Maximum Length of 3rd Line: 35 characters | J8: (Required) What URL Should Display in the Ad Text? Maximum Length of Display URL: 35 characters | L8: (Required) What URL Do You Want Customers To Go To? | M8: (Optional) Active, Paused, Deleted | N8: (Optional)
A10: Don't touch this! | B10: ='Ad Data'!B2 -> Generic - QLD - Fixed Rate | C10: ='Ad Data'!C2 -> Fixed | D10: ='Ad Data'!D2 -> BOQ Fixed Rate Home Loan | E10: =IF(ISERROR(SEARCH("{Keyword:",D10,1)),25-LEN(D10),35-LEN(D10)) -> 1 | F10: ='Ad Data'!E2 -> 3 Yr Fixed 4.79% (5.81% Comparison) | G10: =35-LEN(F10) -> 0 | H10: ='Ad Data'!F2 -> Limited Time Only. Apply Now! | I10: =35-LEN(H10) -> 6 | J10: ='Ad Data'!G2 -> www.boq.com.au/fixed-offer | K10: =35-LEN(J10) -> 9 | L10: ='Ad Data'!H2 -> http://www.boq.com.au/fixed-interest-rates.htm
B11: ='Ad Data'!B3 -> 0 | C11: ='Ad Data'!C3 -> 0 | D11: ='Ad Data'!D3 -> 0 | E11: =IF(ISERROR(SEARCH("{Keyword:",D11,1)),25-LEN(D11),35-LEN(D11)) -> 24 | F11: ='Ad Data'!E3 -> 0 | G11: =35-LEN(F11) -> 34 | H11: ='Ad Data'!F3 -> 0 | I11: =35-LEN(H11) -> 34 | J11: ='Ad Data'!G3 -> 0 | K11: =35-LEN(J11) -> 34 | L11: ='Ad Data'!H3 -> 0
B12: ='Ad Data'!B4 -> 0 | C12: ='Ad Data'!C4 -> 0 | D12: ='Ad Data'!D4 -> 0 | E12: =IF(ISERROR(SEARCH("{Keyword:",D12,1)),25-LEN(D12),35-LEN(D12)) -> 24 | F12: ='Ad Data'!E4 -> 0 | G12: =35-LEN(F12) -> 34 | H12: ='Ad Data'!F4 -> 0 | I12: =35-LEN(H12) -> 34 | J12: ='Ad Data'!G4 -> 0 | K12: =35-LEN(J12) -> 34 | L12: ='Ad Data'!H4 -> 0
B13: ='Ad Data'!B5 -> 0 | C13: ='Ad Data'!C5 -> 0 | D13: ='Ad Data'!D5 -> 0 | E13: =IF(ISERROR(SEARCH("{Keyword:",D13,1)),25-LEN(D13),35-LEN(D13)) -> 24 | F13: ='Ad Data'!E5 -> 0 | G13: =35-LEN(F13) -> 34 | H13: ='Ad Data'!F5 -> 0 | I13: =35-LEN(H13) -> 34 | J13: ='Ad Data'!G5 -> 0 | K13: =35-LEN(J13) -> 34 | L13: ='Ad Data'!H5 -> 0
B14: ='Ad Data'!B6 -> 0 | C14: ='Ad Data'!C6 -> 0 | D14: ='Ad Data'!D6 -> 0 | E14: =IF(ISERROR(SEARCH("{Keyword:",D14,1)),25-LEN(D14),35-LEN(D14)) -> 24 | F14: ='Ad Data'!E6 -> 0 | G14: =35-LEN(F14) -> 34 | H14: ='Ad Data'!F6 -> 0 | I14: =35-LEN(H14) -> 34 | J14: ='Ad Data'!G6 -> 0 | K14: =35-LEN(J14) -> 34 | L14: ='Ad Data'!H6 -> 0
B15: ='Ad Data'!B7 -> 0 | C15: ='Ad Data'!C7 -> 0 | D15: ='Ad Data'!D7 -> 0 | E15: =IF(ISERROR(SEARCH("{Keyword:",D15,1)),25-LEN(D15),35-LEN(D15)) -> 24 | F15: ='Ad Data'!E7 -> 0 | G15: =35-LEN(F15) -> 34 | H15: ='Ad Data'!F7 -> 0 | I15: =35-LEN(H15) -> 34 | J15: ='Ad Data'!G7 -> 0 | K15: =35-LEN(J15) -> 34 | L15: ='Ad Data'!H7 -> 0
B16: ='Ad Data'!B8 -> 0 | C16: ='Ad Data'!C8 -> 0 | D16: ='Ad Data'!D8 -> 0 | E16: =IF(ISERROR(SEARCH("{Keyword:",D16,1)),25-LEN(D16),35-LEN(D16)) -> 24 | F16: ='Ad Data'!E8 -> 0 | G16: =35-LEN(F16) -> 34 | H16: ='Ad Data'!F8 -> 0 | I16: =35-LEN(H16) -> 34 | J16: ='Ad Data'!G8 -> 0 | K16: =35-LEN(J16) -> 34 | L16: ='Ad Data'!H8 -> 0
B17: ='Ad Data'!B9 -> 0 | C17: ='Ad Data'!C9 -> 0 | D17: ='Ad Data'!D9 -> 0 | E17: =IF(ISERROR(SEARCH("{Keyword:",D17,1)),25-LEN(D17),35-LEN(D17)) -> 24 | F17: ='Ad Data'!E9 -> 0 | G17: =35-LEN(F17) -> 34 | H17: ='Ad Data'!F9 -> 0 | I17: =35-LEN(H17) -> 34 | J17: ='Ad Data'!G9 -> 0 | K17: =35-LEN(J17) -> 34 | L17: ='Ad Data'!H9 -> 0
B18: ='Ad Data'!B10 -> 0 | C18: ='Ad Data'!C10 -> 0 | D18: ='Ad Data'!D10 -> 0 | E18: =IF(ISERROR(SEARCH("{Keyword:",D18,1)),25-LEN(D18),35-LEN(D18)) -> 24 | F18: ='Ad Data'!E10 -> 0 | G18: =35-LEN(F18) -> 34 | H18: ='Ad Data'!F10 -> 0 | I18: =35-LEN(H18) -> 34 | J18: ='Ad Data'!G10 -> 0 | K18: =35-LEN(J18) -> 34 | L18: ='Ad Data'!H10 -> 0
B19: ='Ad Data'!B11 -> 0 | C19: ='Ad Data'!C11 -> 0 | D19: ='Ad Data'!D11 -> 0 | E19: =IF(ISERROR(SEARCH("{Keyword:",D19,1)),25-LEN(D19),35-LEN(D19)) -> 24 | F19: ='Ad Data'!E11 -> 0 | G19: =35-LEN(F19) -> 34 | H19: ='Ad Data'!F11 -> 0 | I19: =35-LEN(H19) -> 34 | J19: ='Ad Data'!G11 -> 0 | K19: =35-LEN(J19) -> 34 | L19: ='Ad Data'!H11 -> 0
B20: ='Ad Data'!B12 -> 0 | C20: ='Ad Data'!C12 -> 0 | D20: ='Ad Data'!D12 -> 0 | E20: =IF(ISERROR(SEARCH("{Keyword:",D20,1)),25-LEN(D20),35-LEN(D20)) -> 24 | F20: ='Ad Data'!E12 -> 0 | G20: =35-LEN(F20) -> 34 | H20: ='Ad Data'!F12 -> 0 | I20: =35-LEN(H20) -> 34 | J20: ='Ad Data'!G12 -> 0 | K20: =35-LEN(J20) -> 34 | L20: ='Ad Data'!H12 -> 0
B21: ='Ad Data'!B13 -> 0 | C21: ='Ad Data'!C13 -> 0 | D21: ='Ad Data'!D13 -> 0 | E21: =IF(ISERROR(SEARCH("{Keyword:",D21,1)),25-LEN(D21),35-LEN(D21)) -> 24 | F21: ='Ad Data'!E13 -> 0 | G21: =35-LEN(F21) -> 34 | H21: ='Ad Data'!F13 -> 0 | I21: =35-LEN(H21) -> 34 | J21: ='Ad Data'!G13 -> 0 | K21: =35-LEN(J21) -> 34 | L21: ='Ad Data'!H13 -> 0
B22: ='Ad Data'!B14 -> 0 | C22: ='Ad Data'!C14 -> 0 | D22: ='Ad Data'!D14 -> 0 | E22: =IF(ISERROR(SEARCH("{Keyword:",D22,1)),25-LEN(D22),35-LEN(D22)) -> 24 | F22: ='Ad Data'!E14 -> 0 | G22: =35-LEN(F22) -> 34 | H22: ='Ad Data'!F14 -> 0 | I22: =35-LEN(H22) -> 34 | J22: ='Ad Data'!G14 -> 0 | K22: =35-LEN(J22) -> 34 | L22: ='Ad Data'!H14 -> 0
... B43: ='Ad Data'!B35 -> 0 | C43: ='Ad Data'!C35 -> 0 | D43: ='Ad Data'!D35 -> 0 | E43: =IF(ISERROR(SEARCH("{Keyword:",D43,1)),25-LEN(D43),35-LEN(D43)) -> 24 | F43: ='Ad Data'!E35 -> 0 | G43: =35-LEN(F43) -> 34 | H43: ='Ad Data'!F35 -> 0 | I43: =35-LEN(H43) -> 34 | J43: ='Ad Data'!G35 -> 0 | K43: =35-LEN(J43) -> 34 | L43: ='Ad Data'!H35 -> 0
C45: ='Ad Data'!#REF! -> #REF! | D45: ='Ad Data'!#REF! -> #REF! | E45: =IF(ISERROR(SEARCH("{Keyword:",D45,1)),25-LEN(D45),35-LEN(D45)) -> #REF! | F45: ='Ad Data'!#REF! -> #REF! | G45: =35-LEN(F45) -> #REF! | H45: ='Ad Data'!#REF! -> #REF! | I45: =35-LEN(H45) -> #REF! | J45: ='Ad Data'!#REF! -> #REF! | K45: =35-LEN(J45) -> #REF! | L45: ='Ad Data'!#REF! -> #REF!
B46: ='Ad Data'!A37 -> 0 | C46: ='Ad Data'!B37 -> 0 | D46: ='Ad Data'!C37 -> 0 | E46: =IF(ISERROR(SEARCH("{Keyword:",D46,1)),25-LEN(D46),35-LEN(D46)) -> 24 | F46: ='Ad Data'!D37 -> 0 | G46: =35-LEN(F46) -> 34 | H46: ='Ad Data'!E37 -> 0 | I46: =35-LEN(H46) -> 34 | J46: ='Ad Data'!F37 -> 0 | K46: =35-LEN(J46) -> 34 | L46: ='Ad Data'!G37 -> 0
B47: ='Ad Data'!A38 -> 0 | C47: ='Ad Data'!B38 -> 0 | D47: ='Ad Data'!C38 -> 0 | E47: =IF(ISERROR(SEARCH("{Keyword:",D47,1)),25-LEN(D47),35-LEN(D47)) -> 24 | F47: ='Ad Data'!D38 -> 0 | G47: =35-LEN(F47) -> 34 | H47: ='Ad Data'!E38 -> 0 | I47: =35-LEN(H47) -> 34 | J47: ='Ad Data'!F38 -> 0 | K47: =35-LEN(J47) -> 34 | L47: ='Ad Data'!G38 -> 0
B48: ='Ad Data'!A39 -> 0 | C48: ='Ad Data'!B39 -> 0 | D48: ='Ad Data'!C39 -> 0 | E48: =IF(ISERROR(SEARCH("{Keyword:",D48,1)),25-LEN(D48),35-LEN(D48)) -> 24 | F48: ='Ad Data'!D39 -> 0 | G48: =35-LEN(F48) -> 34 | H48: ='Ad Data'!E39 -> 0 | I48: =35-LEN(H48) -> 34 | J48: ='Ad Data'!F39 -> 0 | K48: =35-LEN(J48) -> 34 | L48: ='Ad Data'!G39 -> 0
B49: ='Ad Data'!A40 -> 0 | C49: ='Ad Data'!B40 -> 0 | D49: ='Ad Data'!C40 -> 0 | E49: =IF(ISERROR(SEARCH("{Keyword:",D49,1)),25-LEN(D49),35-LEN(D49)) -> 24 | F49: ='Ad Data'!D40 -> 0 | G49: =35-LEN(F49) -> 34 | H49: ='Ad Data'!E40 -> 0 | I49: =35-LEN(H49) -> 34 | J49: ='Ad Data'!F40 -> 0 | K49: =35-LEN(J49) -> 34 | L49: ='Ad Data'!G40 -> 0
B50: ='Ad Data'!A41 -> 0 | C50: ='Ad Data'!B41 -> 0 | D50: ='Ad Data'!C41 -> 0 | E50: =IF(ISERROR(SEARCH("{Keyword:",D50,1)),25-LEN(D50),35-LEN(D50)) -> 24 | F50: ='Ad Data'!D41 -> 0 | G50: =35-LEN(F50) -> 34 | H50: ='Ad Data'!E41 -> 0 | I50: =35-LEN(H50) -> 34 | J50: ='Ad Data'!F41 -> 0 | K50: =35-LEN(J50) -> 34 | L50: ='Ad Data'!G41 -> 0
B51: ='Ad Data'!A42 -> 0 | C51: ='Ad Data'!B42 -> 0 | D51: ='Ad Data'!C42 -> 0 | E51: =IF(ISERROR(SEARCH("{Keyword:",D51,1)),25-LEN(D51),35-LEN(D51)) -> 24 | F51: ='Ad Data'!D42 -> 0 | G51: =35-LEN(F51) -> 34 | H51: ='Ad Data'!E42 -> 0 | I51: =35-LEN(H51) -> 34 | J51: ='Ad Data'!F42 -> 0 | K51: =35-LEN(J51) -> 34 | L51: ='Ad Data'!G42 -> 0
B52: ='Ad Data'!A43 -> 0 | C52: ='Ad Data'!B43 -> 0 | D52: ='Ad Data'!C43 -> 0 | E52: =IF(ISERROR(SEARCH("{Keyword:",D52,1)),25-LEN(D52),35-LEN(D52)) -> 24 | F52: ='Ad Data'!D43 -> 0 | G52: =35-LEN(F52) -> 34 | H52: ='Ad Data'!E43 -> 0 | I52: =35-LEN(H52) -> 34 | J52: ='Ad Data'!F43 -> 0 | K52: =35-LEN(J52) -> 34 | L52: ='Ad Data'!G43 -> 0
B53: ='Ad Data'!A44 -> 0 | C53: ='Ad Data'!B44 -> 0 | D53: ='Ad Data'!C44 -> 0 | E53: =IF(ISERROR(SEARCH("{Keyword:",D53,1)),25-LEN(D53),35-LEN(D53)) -> 24 | F53: ='Ad Data'!D44 -> 0 | G53: =35-LEN(F53) -> 34 | H53: ='Ad Data'!E44 -> 0 | I53: =35-LEN(H53) -> 34 | J53: ='Ad Data'!F44 -> 0 | K53: =35-LEN(J53) -> 34 | L53: ='Ad Data'!G44 -> 0
B54: ='Ad Data'!A45 -> 0 | C54: ='Ad Data'!B45 -> 0 | D54: ='Ad Data'!C45 -> 0 | E54: =IF(ISERROR(SEARCH("{Keyword:",D54,1)),25-LEN(D54),35-LEN(D54)) -> 24 | F54: ='Ad Data'!D45 -> 0 | G54: =35-LEN(F54) -> 34 | H54: ='Ad Data'!E45 -> 0 | I54: =35-LEN(H54) -> 34 | J54: ='Ad Data'!F45 -> 0 | K54: =35-LEN(J54) -> 34 | L54: ='Ad Data'!G45 -> 0
B55: ='Ad Data'!A46 -> 0 | C55: ='Ad Data'!B46 -> 0 | D55: ='Ad Data'!C46 -> 0 | E55: =IF(ISERROR(SEARCH("{Keyword:",D55,1)),25-LEN(D55),35-LEN(D55)) -> 24 | F55: ='Ad Data'!D46 -> 0 | G55: =35-LEN(F55) -> 34 | H55: ='Ad Data'!E46 -> 0 | I55: =35-LEN(H55) -> 34 | J55: ='Ad Data'!F46 -> 0 | K55: =35-LEN(J55) -> 34 | L55: ='Ad Data'!G46 -> 0
B56: ='Ad Data'!A47 -> 0 | C56: ='Ad Data'!B47 -> 0 | D56: ='Ad Data'!C47 -> 0 | E56: =IF(ISERROR(SEARCH("{Keyword:",D56,1)),25-LEN(D56),35-LEN(D56)) -> 24 | F56: ='Ad Data'!D47 -> 0 | G56: =35-LEN(F56) -> 34 | H56: ='Ad Data'!E47 -> 0 | I56: =35-LEN(H56) -> 34 | J56: ='Ad Data'!F47 -> 0 | K56: =35-LEN(J56) -> 34 | L56: ='Ad Data'!G47 -> 0
B57: ='Ad Data'!A48 -> 0 | C57: ='Ad Data'!B48 -> 0 | D57: ='Ad Data'!C48 -> 0 | E57: =IF(ISERROR(SEARCH("{Keyword:",D57,1)),25-LEN(D57),35-LEN(D57)) -> 24 | F57: ='Ad Data'!D48 -> 0 | G57: =35-LEN(F57) -> 34 | H57: ='Ad Data'!E48 -> 0 | I57: =35-LEN(H57) -> 34 | J57: ='Ad Data'!F48 -> 0 | K57: =35-LEN(J57) -> 34 | L57: ='Ad Data'!G48 -> 0
... B860: ='Ad Data'!A851 -> 0 | C860: ='Ad Data'!B851 -> 0 | D860: ='Ad Data'!C851 -> 0 | E860: =IF(ISERROR(SEARCH("{Keyword:",D860,1)),25-LEN(D860),35-LEN(D860)) -> 24 | F860: ='Ad Data'!D851 -> 0 | G860: =35-LEN(F860) -> 34 | H860: ='Ad Data'!E851 -> 0 | I860: =35-LEN(H860) -> 34 | J860: ='Ad Data'!F851 -> 0 | K860: =35-LEN(J860) -> 34 | L860: ='Ad Data'!G851 -> 0

Sheet Sitelinks
B7: Campaign | C7: Ad Groups | D7: Link Text | F7: Sitelink Line 1 | H7: Sitelink Line 2 | J7: Destination URL
B8: (Required) Name Your Campaign | C8: (Required) Name Your Ad Groups | D8: (Required) What Text Would You Like to Show? 25 Characters Max | F8: (Required) 35 Characters Max | H8: (Required) 35 Characters Max | J8: (Optional) What URL Do You Want Customers To Go To?
A10: Start Here! | C10: Fixed | D10: Locate A Branch | E10: =LEN(D10) -> 15 | F10: Head down and visit our | G10: =LEN(F10) -> 23 | H10: friendly BOQ staff today. | I10: =LEN(H10) -> 25 | J10: http://www.boq.com.au/home-loans.htm
E11: =LEN(D11) -> 0 | G11: =LEN(F11) -> 0 | I11: =LEN(H11) -> 0
E12: =LEN(D12) -> 0 | G12: =LEN(F12) -> 0 | I12: =LEN(H12) -> 0
E13: =LEN(D13) -> 0 | G13: =LEN(F13) -> 0 | I13: =LEN(H13) -> 0
